 Dungeon Crawl Stone Soup version 0.28.0-47-ge53b351184 (webtiles) character file.

Game seed: 18094816920245722202

32 GigaChad the Covered (level 3, -2/33 HPs)
             Began as a Minotaur Fighter on May 4, 2022.
             Slain by an adder (4 damage)
             ... on level 2 of the Dungeon.
             The game lasted 00:02:44 (730 turns).

GigaChad the Covered (Minotaur Fighter)              Turns: 730, Time: 00:02:46

Health: -2/33      AC:  7    Str: 20    XL:     3   Next: 10%
Magic:  2/2        EV:  8    Int:  5    God:
Gold:   53         SH:  8    Dex: 11    Spells: 2/2 levels left

rFire   . . .      SeeInvis .   a - +0 long sword
rCold   . . .      Faith    .   e - +0 kite shield
rNeg    . . .      Spirit   .   b - +0 scale mail
rPois   .          Reflect  .   (helmet restricted)
rElec   .          Harm     .   (no cloak)
rCorr   .          Rampage  .   (no gloves)
Will    .....                   (no boots)
Stlth   ..........              (no amulet)
HPRegen 0.11/turn               (no ring)
MPRegen 0.08/turn               (no ring)

@: no status effects
A: horns 2, retaliatory headbutt
a: no special abilities


You were on level 2 of the Dungeon.
You visited 1 branch of the dungeon, and saw 2 of its levels.

You collected 53 gold pieces.

Inventory:

Hand Weapons
 a - a +0 long sword (weapon)
Armour
 b - a +0 scale mail (worn)
 c - a +0 buckler
 e - a +0 kite shield (worn)
Jewellery
 j - a ring of flight
Scrolls
 f - a scroll of brand weapon {unknown}
 h - a scroll of enchant weapon {unknown}
 i - a scroll of magic mapping {unknown}
 k - a scroll of enchant armour {unknown}
Potions
 d - 2 potions of might
 g - a potion of lignification {unknown}


   Skills:
 + Level 4.0 Fighting
 + Level 2.8 Long Blades
 + Level 4.3 Armour
 + Level 0.5 Dodging
 + Level 3.9 Shields


You had 2 spell levels left.
You didn't know any spells.
Your spell library was empty.

Dungeon Overview and Level Annotations

Branches:
Dungeon (2/15)

Altars:


Innate Abilities, Weirdness & Mutations

You have a pair of horns on your head.
You reflexively headbutt those who attack you in melee.


Message History

You hit the goblin.
You kill the goblin!
The goblin hits you with a +0 club. The worm bites you but does no damage.
The ball python barely misses you. You furiously retaliate!
You headbutt the ball python.
You kill the ball python!
You have reached level 3!
Your experience leads to an increase in your attributes!
Increase (S)trength, (I)ntelligence, or (D)exterity?
You feel agile. x2
You block the goblin's attack. The worm barely misses you.
Things that are here:
a +0 dagger; a +0 dagger The goblin hits you with a +0 club.
The kobold barely misses you.
You miss the goblin. You block the goblin's attack.
The kobold hits you but does no damage. You block the goblin's attack.
You slash the goblin!
You kill the goblin!
The kobold hits you but does no damage. The adder barely misses you.
The kobold barely misses you. You furiously retaliate!
You headbutt the kobold.
You kill the kobold!
You hit the adder but do no damage. The adder bites you. x2
You are poisoned.
The adder poisons you!
You closely miss the adder.
You feel sick. The adder closely misses you.
You miss the adder.
You feel sick. The adder bites you but does no damage.
You block the adder's attack. The worm bites you!
* * * LOW HITPOINT WARNING * * *
You closely miss the adder.
You feel sick. The adder barely misses you.
The adder bites you but does no damage. The worm bites you.
* * * LOW HITPOINT WARNING * * *
You hit the adder.
The adder is moderately wounded.
You feel sick.
You are no longer poisoned.
The adder bites you.
* * * LOW HITPOINT WARNING * * *
The adder bites you.
You die...

.#.# #..##...>.##
#.#.#.# #.#.........##
##.
#.#S#.##.........(# ..
#!8[# #..........+ #.
# #$#K##..........#
#.#.#.#K#.#.#[......##
#..#.# #.#..##.....##
#..#####..####...##
#.)..S@..## ##+##
##...w..## ......#####
####.## #.# #.# #.#
#..


You could see a worm and an adder.

Vanquished Creatures
  A worm (D:2)
  A bat (D:1)
  3 endoplasms
  2 giant cockroaches
  3 goblins (D:2)
  6 hobgoblins
  A quokka (D:2)
  4 ball pythons
  2 kobolds (D:2)
  A rat (D:2)
24 creatures vanquished.

Notes
Turn   | Place    | Note
-------+----------+-------------------------------------------
     0 | D:1      | GigaChad the Minotaur Fighter began the quest for the Orb.
     0 | D:1      | Reached XP level 1. HP: 19/19 MP: 0/0
   261 | D:1      | Reached XP level 2. HP: 27/27 MP: 1/1
   323 | D:1      | You fall into a shaft and drop 1 floor!
   719 | D:2      | Reached XP level 3. HP: 19/33 MP: 2/2
   730 | D:2      | Slain by an adder

Illustrated notes

Levels and vault maps discovered:
D:1:      minmay_arrival_four_loops, layout_basic,
          shapermc_ecumenical_altar_starsandcircs
D:2:      layout_loops_corners, minmay_circle_x

Skill      XL: |  1  2 |
---------------+-------+-----
Armour         | 4 |  4.3
Fighting       | 4 |  4.0
Long Blades    | |  2.8
Dodging        | |  0.5
Shields        | |  3.9

Action                   || total
-------------------------++-------
Melee: Long sword        ||    43
       Headbutt          ||     2
Armor: Scale mail        ||    23
Dodge: Dodged            ||    18
Block: Kite shield       ||    23
